 Dungeon Sprint DCSS version 0.17-a0-1646-geb1493d (webtiles) character file.

1641 nuthulu the Grappler (level 8, -4/127 (133) HPs)
             Began as a Troll Hunter on Aug 10, 2015.
             Slain by a flying skull (8 damage)
             ... in the Dungeon (Sprint II: "The Violet Keep of Menkaure").
             The game lasted 00:03:04 (413 turns).

nuthulu the Grappler (Troll Hunter)                  Turns: 413, Time: 00:03:04

HP:   -4/127 (133)  AC:  7    Str: 26    XL:     8   Next: 66%
MP:   7/7           EV: 14    Int:  7    God:
Gold: 240           SH:  0    Dex: 14    Spells: 0 memorised, 7 levels left

rFire  + . .     SeeInvis .       - Unarmed
rCold  . . .     Clarity  .     m - +1 robe {Archmagi}
rNeg   . . .     SustAt   .     (no shield)
rPois  .         Gourm    +     (helmet restricted)
rElec  .         Spirit   .     l - +0 cloak
rCorr  .         Warding  .     (gloves unavailable)
rMut   .         NoTele   +     (boots unavailable)
MR     .....                    (no amulet)
Stlth  ..........               (no ring)
                                c - ring "Lichud" {+Fly rF+ Dex+2 Stlth+}

@: berserking (expiring), lethally poisoned (-4 -> -57), slowed, not resistant
to hostile enchantments, extremely unstealthy
A: unfitting armour, claws 3, fast metabolism 3, gourmand, regeneration 2,
shaggy fur 1, tough skin 2
a: Evoke Flight


You were in the Dungeon.
You were very full.

You visited 1 branch You collected 972 gold pieces.
You spent 732 gold pieces at shops.

Inventory:

Missiles
 a - 5 large rocks (quivered)
 b - 2 throwing nets
Armour
 d - a +0 robe
 l - a +0 cloak (worn)
 m - a +1 robe of the Archmagi (worn)
Jewellery
 c - the ring "Lichud" (left claw) {+Fly rF+ Dex+2 Stlth+}
   (You bought it in a shop in the Dungeon)

   [ring of protection from fire]

   It affects your dexterity (+2).
   It protects you from fire.
   It lets you fly.
   It makes you more stealthy.
Scrolls
 k - a scroll of blinking
Potions
 f - a potion of curing
 g - 3 potions of heal wounds
 h - a potion of haste
 i - 2 potions of magic
Comestibles
 e - 2 bread rations


   Skills:
 + Level 8.4 Fighting
 + Level 9.8 Throwing
 + Level 8.4 Dodging
 - Level 0.4 Stealth
 + Level 9.8 Unarmed Combat


You had 7 spell levels left.
You didn't know any spells.

Dungeon Overview and Level Annotations

Branches:
Dungeon (1/1)

Altars:

Shops:
D ([:=[*:%==([?}!!

Annotations:
D exclusion: oklob plant


Innate Abilities, Weirdness & Mutations

You are too large for most types of armour.
You have claws for hands.
Your metabolism is lightning-fast.
You like to eat raw meat.
You heal very quickly.
You are covered in fur (AC +1).
You have very tough skin (AC +2).


Message History

The flying skull barely misses you. The flying skull completely misses you.
The flying skull hits you.
* * * LOW HITPOINT WARNING * * *
The flying skull closely misses you.
You claw the flying skull!
You destroy the flying skull!
* * * LOW HITPOINT WARNING * * *
You feel very sick. The flying skull misses you.
The flying skull barely misses you.
The flying skull hits you but does no damage.
The flying skull hits you!
* * * LOW HITPOINT WARNING * * *
The flying skull misses you. The flying skull closely misses you.
You miss the flying skull.
* * * LOW HITPOINT WARNING * * *
You feel very sick. The flying skull hits you.
* * * LOW HITPOINT WARNING * * *
The flying skull hits you!
You die...

####+#### ##§§§§§§.#
#.§§§.§§.. §§§§§.§..
###.§§§§§... #≈##zz§§§..#
############≈≈#zz§#+++#
###########≈≈≈z@zz§§...
##∩.......#≈≈≈≈z##+##..
##.∩.....∩#≈≈≈≈## ##
##∩.∩...∩.#≈≈≈≈#.###.#
##.∩.∩.∩.∩#≈≈####.#.####
##..∩.∩.∩.#≈##.###'###.##
##...∩.∩..#≈#...##.##†#.#
##....⌠...'≈'##.'÷<.'##.+
##........#≈#...##.###†.#


You could see 8 flying skulls.

Vanquished Creatures
  4 flying skulls (D)
  2 hippogriffs (D)
  Menkaure (D)
  4 necrophages (D)
  4 brain worms (D)
  2 worms (D)
17 creatures vanquished.

Notes
Turn   | Place    | Note
--------------------------------------------------------------
     0 | D        | nuthulu the Troll Hunter began the quest for the Orb.
     0 | D        | Reached XP level 1. HP: 19/19 MP: 0/0
     2 | D        | Noticed a necrophage
     2 | D        | Noticed a necrophage
     2 | D        | Noticed a necrophage
     2 | D        | Noticed a necrophage
     6 | D        | Killed a necrophage
     6 | D        | Reached skill level 5 in Throwing
     6 | D        | Reached XP level 2. HP: 25/32 MP: 1/1
     6 | D        | Reached XP level 3. HP: 30/39 MP: 2/2
     6 | D        | Reached XP level 4. HP: 36/48 MP: 3/3
     8 | D        | Killed a necrophage
     8 | D        | Reached skill level 6 in Throwing
     8 | D        | Reached skill level 5 in Unarmed Combat
     8 | D        | Reached XP level 5. HP: 41/55 MP: 4/4
    18 | D        | Killed a necrophage
    18 | D        | Reached skill level 5 in Fighting
    18 | D        | Reached skill level 5 in Dodging
    21 | D        | Killed a necrophage
    21 | D        | Reached skill level 7 in Throwing
    21 | D        | Reached XP level 6. HP: 37/65 MP: 5/5
   103 | D        | Noticed a brain worm
   107 | D        | Killed a brain worm
   109 | D        | Noticed a brain worm
   111 | D        | Killed a brain worm
   112 | D        | Noticed a brain worm
   112 | D        | Noticed a brain worm
   115 | D        | Killed a brain worm
   115 | D        | Reached skill level 8 in Throwing
   115 | D        | Reached XP level 7. HP: 74/74 MP: 6/6
   118 | D        | Killed a brain worm
   130 | D        | Noticed a hippogriff
   130 | D        | Noticed a hippogriff
   134 | D        | Killed a hippogriff
   137 | D        | Killed a hippogriff
   232 | D        | Found Fouthrut's Gadget Shop.
   232 | D        | Found Suatet's Jewellery Boutique.
   232 | D        | Found Wiulov's Distillery.
   232 | D        | Found Roonk's Weapon Boutique.
   232 | D        | Found Nagikk's Magic Scroll Boutique.
   232 | D        | Found Dujaizo's Distillery.
   233 | D        | Found Tudipeem's Antique Armour Shop.
   233 | D        | Found Haetribb's Jewellery Boutique.
   233 | D        | Found Ijaegh's Food Shop.
   234 | D        | Found Ebiditil's Book Shop.
   234 | D        | Found Aduciaca's Assorted Antiques.
   234 | D        | Noticed a polar bear
   236 | D        | Found Wewkof's Antique Armour Boutique.
   236 | D        | Found Ridghicru's Jewellery Shop.
   236 | D        | Noticed Menkaure
   236 | D        | Noticed a polar bear
   236 | D        | Noticed an oklob plant
   237 | D        | Found Tiratoppo's Antique Armour Shop.
   237 | D        | Found Cuizamerph's Book Shoppe.
   237 | D        | Found Zerph's Antique Weapon Boutique.
   238 | D        | Noticed a spiny frog
   238 | D        | Noticed a spiny frog
   249 | D        | Killed Menkaure
   261 | D        | Bought a potion of heal wounds for 60 gold pieces
   263 | D        | Bought a potion of heal wounds for 60 gold pieces
   270 | D        | Noticed a griffon
   272 | D        | Noticed a griffon
   274 | D        | Noticed a griffon
   293 | D        | Bought the ring "Lichud" {+Fly rF+ Dex+2 Stlth+} for 493 gold pieces
   296 | D        | Bought a cloak for 99 gold pieces
   306 | D        | Bought a glowing robe for 20 gold pieces
   399 | D        | Noticed a flying skull
   399 | D        | Noticed a flying skull
   399 | D        | Noticed a flying skull
   399 | D        | Noticed a flying skull
   399 | D        | Noticed a flying skull
   399 | D        | Noticed a flying skull
   399 | D        | Noticed a flying skull
   399 | D        | Noticed a flying skull
   399 | D        | Noticed a flying skull
   399 | D        | Noticed a flying skull
   399 | D        | Noticed a flying skull
   399 | D        | Noticed a flying skull
   405 | D        | Killed a flying skull
   405 | D        | Reached skill level 9 in Throwing
   405 | D        | Reached XP level 8. HP: 86/86 MP: 7/7
   409 | D        | Killed a flying skull
   410 | D        | Killed a flying skull
   412 | D        | Killed a flying skull
   413 | D        | HP: 4/127 [flying skull (4)]
   413 | D        | Slain by a flying skull

Vault maps used:
D:        the_violet_keep_of_menkaure

Action                   |  1- 3 |  4- 6 |  7- 9 || total
-------------------------+-------+-------+-------++-------
Melee: Unarmed           |       |    25 |    21 ||    46
Throw: Large rock        |     2 |     3 |     2 ||     7
  Use: Potion            |       |       |     1 ||     1
 Stab: Sleeping          |       |     2 |       ||     2
  Eat: Chunk             |       |     3 |     4 ||     7
